 Dungeon Crawl Stone Soup version 0.29-a0-371-g91724d5b39 (webtiles) character file.

Game seed: 12227053011536443241

941 YayAnonymity the Cudgeller (level 7, 0/105 HPs)
             Began as a Troll Berserker on May 3, 2022.
             Was an Elder of Trog.
             Slain by an orc
             ... wielding a +0 club
              (1 damage)
             ... on level 5 of the Dungeon.
             The game lasted 00:08:16 (4086 turns).

YayAnonymity the Cudgeller (Troll Berserker)        Turns: 4086, Time: 00:08:17

Health: 0/105      AC:  4    Str: 28    XL:     7   Next: 88%
Magic:  6/6        EV: 10    Int:  3    God:    Trog [****..]
Gold:   358        SH:  0    Dex:  9    Spells: 6/6 levels left

rFire   . . .      SeeInvis +   a - +1 morningstar
rCold   . . .      Faith    .   (no shield)
rNeg    + . .      Spirit   .   p - +0 animal skin
rPois   .          Reflect  .   d - +0 hat
rElec   .          Harm     .   (no cloak)
rCorr   .          Rampage  .   (gloves unavailable)
Will    .....                   (boots unavailable)
Stlth   ..........              q - amulet of magic regeneration
HPRegen 1.07/turn               f - ring of see invisible
MPRegen 0.50/turn               r - ring of positive energy

@: berserking (expiring), lethally poisoned (0 -> -4), very quick
A: large, unfitting armour, claws 3, regeneration 1, shaggy fur 1, tough skin 1
a: Renounce Religion, Berserk, Trog's Hand, Brothers in Arms


You were on level 5 of the Dungeon.
You worshipped Trog.
Trog was greatly pleased with you.
You visited 1 branch of the dungeon, and saw 5 of its levels.
You visited the Abyss 1 time.
You also visited: Ossuary.

You collected 358 gold pieces.

Inventory:

Hand Weapons
 a - a +1 morningstar (weapon)
 b - a +1 mace of holy wrath
 h - a +0 giant club
Missiles
 n - 4 poisoned darts (quivered)
Armour
 d - a +0 hat (worn)
 p - a +0 animal skin (worn)
Jewellery
 f - a ring of see invisible (left claw)
 q - an amulet of magic regeneration (around neck)
 r - a ring of positive energy (right claw)
Wands
 j - a wand of flame (17)
Scrolls
 e - a scroll of torment
Potions
 c - 3 potions of might {unknown}
 g - 2 potions of flight {unknown}
 i - 3 potions of attraction
 k - a potion of curing {unknown}
 l - 2 potions of magic {unknown}
 m - 2 potions of resistance {unknown}
 o - a potion of mutation {unknown}
 t - 2 potions of cancellation {unknown}
 u - a potion of lignification {unknown}
 v - 2 potions of degeneration {unknown}
 w - 2 potions of ambrosia {unknown}
 x - 2 potions of heal wounds {unknown}
 z - a potion of berserk rage {unknown}


   Skills:
 + Level 4.1 Fighting
 * Level 5.9 Maces & Flails
 + Level 3.0 Armour
 + Level 4.1 Dodging


You had 6 spell levels left.
You didn't know any spells.
Your spell library was empty.

Dungeon Overview and Level Annotations

Branches:
Dungeon (5/15)             Temple (0/1) D:5         Ossuary (visited)

Altars:
Lugonu

Portals:
Abyss: D:3

Annotations:
D:4 2 transporters, Bediveer's ghost, novice OpCj


Innate Abilities, Weirdness & Mutations

You are too large for most types of armour.
You have claws for hands.
Your natural rate of healing is unusually fast.
You are covered in fur. (AC +1)
You have tough skin. (AC +1)


Message History

Trog appreciates your killing of a magic user.
You feel very sick.
The orc wizard hits you with a +3 dagger of venom.
* * * LOW HITPOINT WARNING * * *
You are more poisoned.
The orc hits you with a +0 club.
* * * LOW HITPOINT WARNING * * *
The wight closely misses you.
Your life force feels restored.
Your Fighting skill increases to level 4!
Your Armour skill increases to level 3!
Your Dodging skill increases to level 4!
You impale the wight!!
You destroy the wight!
Trog accepts your kill.
* * * LOW HITPOINT WARNING * * *
You feel very sick.
You closely miss the orc wizard.
* * * LOW HITPOINT WARNING * * *
You feel very sick.
The orc wizard points at you and mumbles some strange words.
The puff of flame hits you.
* * * LOW HITPOINT WARNING * * *
The orc barely misses you.
You barely miss the orc wizard.
* * * LOW HITPOINT WARNING * * *
You feel very sick. The orc closely misses you.
The orc wizard points at you and mumbles some strange words.
You resist with some effort.
You are too berserk!
You barely miss the orc wizard.
* * * LOW HITPOINT WARNING * * *
You feel very sick. The orc wizard closely misses you.
The orc barely misses you.
You barely miss the orc wizard.
* * * LOW HITPOINT WARNING * * *
You feel very sick. The orc hits you with a +0 club.
You die...

,,,,,,*,,,,,,,,≈≈,,,,,,,,#.# #.#
,,,,,,*,......≈.§≈......,#.# #.#
,,,,,,*,........§§......,#.# #.#
*****,*,.......?........,#.# #.#
,,,,,,**...$............*#.* #.#
,,,,,,,*#..............#**,# #.##
>,,,,,,,*#............#**,.# #..#
,,,,,,*,,*#....)oo...####.####...
,,,,,,**,,*#....@)..##...........
,,,,,,***,.####''#####.#.####..##
,,,,,,* *#..........#.>#.# #..#.
******* ##########....#.# ##.##
####.#.# #... #.#.# #.## #.#.#
#.#. #.#.#####.## #.#.........


You could see an orc wizard and an orc.

Vanquished Creatures
  Sigmund (D:5)
  An ogre (D:4)
  A wight (D:5)
  3 water moccasin zombies (Ossuary)
  A jelly (D:4)
  A hound (D:4)
  2 iguanas
  An orc wizard (D:3)
  Natasha (thrice) (D:4)
  2 mummies (Ossuary)
  Robin (D:2)
  3 gnolls (D:2)
  6 adders
  4 adder zombies (Ossuary)
  6 worms
  A dart slug (D:2)
  10 orcs
  7 endoplasms
  6 gnoll zombies (Ossuary)
  24 goblins
  8 hobgoblins
  3 quokkas
  9 ball pythons
  4 bats
  4 frilled lizards
  5 hobgoblin zombies (Ossuary)
  10 kobolds
  7 kobold zombies (Ossuary)
  3 orc zombies (Ossuary)
  2 quokka zombies (D:5)
  7 rats
146 creatures vanquished.

Notes
Turn   | Place    | Note
-------+----------+-------------------------------------------
     0 | D:1      | YayAnonymity the Troll Berserker began the quest for the
                  | Orb.
     0 | D:1      | Reached XP level 1. HP: 22/22 MP: 0/0
   127 | D:1      | Reached XP level 2. HP: 27/29 MP: 1/1
   212 | D:1      | Reached skill level 3 in Maces & Flails
   561 | D:1      | Found a faded altar of an unknown god.
   946 | D:2      | Reached XP level 3. HP: 36/36 MP: 2/2
   986 | D:2      | Reached ** piety under Trog
  1049 | D:2      | Reached skill level 1 in Armour
  1054 | D:2      | Reached XP level 4. HP: 44/44 MP: 3/3
  1550 | D:3      | Noticed Robin
  1574 | D:2      | Killed Robin
  1602 | D:3      | Reached XP level 5. HP: 53/53 MP: 4/4
  1621 | D:3      | Found a one-way gate to the infinite horrors of the Abyss.
  1866 | D:3      | Found a large runed translucent door.
  1867 | D:3      | Found a large runed translucent door.
  1872 | D:3      | Found a corrupted altar of Lugonu.
  1926 | D:3      | Reached *** piety under Trog
  1932 | D:3      | Reached skill level 4 in Maces & Flails
  2594 | D:3      | Cast into level 1 of the Abyss (kobold)
  2620 | Abyss:1  | Noticed a large abomination
  2645 | D:3      | Escaped the Abyss
  2849 | D:4      | Noticed an ogre
  2857 | D:4      | Killed an ogre
  2858 | D:4      | Reached XP level 6. HP: 61/61 MP: 5/5
  2962 | D:4      | Noticed Natasha
  2970 | D:4      | Killed Natasha
  3322 | D:4      | Found a transporter.
  3326 | D:4      | Noticed Bediveer's ghost (novice OpCj)
  3328 | D:4      | Found a transporter.
  3418 | D:4      | Noticed Natasha
  3421 | D:4      | Killed Natasha
  3451 | D:4      | Noticed Natasha
  3466 | D:4      | Killed Natasha
  3686 | D:5      | Entered Level 5 of the Dungeon
  3695 | D:5      | Reached skill level 5 in Maces & Flails
  3801 | D:5      | Found a sand-covered staircase.
  3818 | Ossuary  | Entered an ossuary
  3851 | Ossuary  | Reached XP level 7. HP: 58/68 MP: 6/6
  3898 | Ossuary  | Reached **** piety under Trog
  4066 | D:5      | Noticed Sigmund
  4081 | D:5      | Killed Sigmund
  4085 | D:5      | HP: 4/105 [poisoned by an orc wizard]
  4086 | D:5      | HP: 1/105 [poisoned by an orc wizard]
  4086 | D:5      | Slain by an orc

Illustrated notes

Levels and vault maps discovered:
D:1:      arrival_zaba_pyramid, layout_basic, shapermc_ecumenical_altar_pompeii,
          st_stairs_3, minmay_crystal_water, nicolae_wormholes
D:2:      layout_basic, hangedman_decor_points
D:3:      due_chaos_kobolds, layout_basic, serial_curves, eino_curves_03,
          eino_curves_04, eino_curves_03, minmay_diced_spiral, uniq_robin
D:4:      layout_loops_ring, gammafunk_ghost_smash, grunt_ministairs_4,
          serial_park_tiny_pond, minmay_ruptured, uniq_natasha
D:5:      kennysheep_big_flooded_room, layout_basic,
          mainiacjoe_overflow_six_doors_small, minmay_temple_entry_grid,
          enter_ossuary_4, uniq_sigmund

Skill      XL: |  1  2  3  4  5  6  7 |
---------------+----------------------+-----
Maces & Flails | 3 4 5 |  5.9
Armour         | 1 2 3 |  3.0
Dodging        | 3 4 |  4.1
Fighting       | 3 4 |  4.1

Action                   |  1- 3 |  4- 6 |  7- 9 || total
-------------------------+-------+-------+-------++-------
Melee: Mace              |    87 |   185 |    65 ||   337
       Punch             |     1 |     1 |     3 ||     5
       Morningstar       |       |    84 |    17 ||   101
Throw: Dart              |       |     3 |       ||     3
Invok: Berserk           |     1 |     5 |     1 ||     7
  Use: Scroll            |       |     5 |     2 ||     7
Armor: Animal skin       |    30 |   110 |    22 ||   162
Dodge: Dodged            |    47 |   186 |    55 ||   288

Table legend: (Time is in decaauts)
 A = Elapsed time spent in this place.
 B = Non-inter-level travel time spent in this place.
 C = Inter-level travel time spent in this place.
 D = Time resting spent in this place.
 E = Time spent auto-exploring this place.
 F = Levels seen in this place.
 G = Mean time per level.
                   A        B        C        D        E       F      G
               +--------+--------+--------+--------+--------+-----+--------+
         Total |   4229 |   4011 |    218 |     48 |   2796 |   7 |  604.1 |
       Dungeon |   3975 |   3757 |    218 |     48 |   2737 |   5 |  795.0 |
         Abyss |     55 |     55 |      0 |      0 |      0 |   1 |   55.0 |
       Ossuary |    199 |    199 |      0 |      0 |     59 |   1 |  199.0 |
               +--------+--------+--------+--------+--------+-----+--------+

Top non-repeatable levels by time:
     D:3: 1107 daAuts
     D:4: 1020 daAuts
     D:1: 887 daAuts
     D:2: 745 daAuts
     D:5: 215 daAuts
 Ossuary: 199 daAuts
 Abyss:1: 55 daAuts
